Map: Neon Violet Square LE

Players

Minatoeh (Minato)

  • Race: Zerg Zerg
  • League: Master
  • Spawn Location: 11:00

Namshar - Winner!

  • Race: Zerg Zerg
  • League: Master
  • Spawn Location: 5:00

Event: WESG Barcelona European Finals 2017

VOD

Have the link to the VOD?

Description

Time

  • Played on: Nov. 23, 2017, 5:25 a.m.
  • Length: 11:37

All games in this series

Show
View Real Time Build Order
Export as new Build Order

Minatoeh Zerg 

Build Orders: Hatch First, Muta Ling Bane 

Get SALT Encoding   

  12  0:01  Drone  
  13  0:13  Overlord  
  13  0:18  Drone  
  14  0:31  Drone x2  
  14  0:35  Drone  
  17  0:52  Hatchery  
  16  1:06  Spawning Pool  
  16  1:09  Drone  
  16  1:13  Drone  
  16  1:16  Drone  
  18  1:23  Overlord  
  18  1:53  Zergling x6, Queen  
  23  2:04  Queen  
  23  2:05  Drone x2, Spine Crawler  
  26  2:15  Drone x2  
  28  2:26  Drone x2  
  28  2:29  Queen  
  32  2:31  Extractor  
  31  2:37  Drone  
  31  2:38  Drone  
  33  2:47  Overlord  
  32  2:54  Drone  
  33  3:00  Extractor  
  33  3:02  Drone x3  
  35  3:06  Drone  
  35  3:07  Drone  
  35  3:09  Drone  
  38  3:13  Drone x4  
  42  3:21  Evolution Chamber  
  42  3:25  Roach Warren, Overlord  
  41  3:27  Drone  
  41  3:33  Lair  
  41  3:45  Drone x2  
  41  3:46  Drone x2  
  41  3:47  Drone x2, Extractor  
  46  3:52  Zerg Missile Weapons Level 1  
  46  3:54  Drone  
  47  3:56  Drone  
  47  3:57  Drone  
  47  3:59  Drone  
  50  4:05  Overlord  
  50  4:17  Drone  
  50  4:22  Extractor  
  50  4:25  Hatchery  
  50  4:28  Drone  
  50  4:29  Drone x2  
  50  4:30  Drone  
  53  4:32  Spire  
  53  4:37  Glial Reconstitution  
  52  4:44  Roach x2  
  56  4:46  Overlord x2  
  56  4:54  Roach  
  56  4:58  Overlord x2  
  58  5:09  Roach x5  
  58  5:10  Roach  
  70  5:14  Roach  
  70  5:15  Roach  
  70  5:17  Roach  
  76  5:22  Roach x2  
  80  5:29  Overlord  
  80  5:32  Drone  
  81  5:36  Drone  
  81  5:37  Drone  
  81  5:38  Drone x3  
  86  5:44  Mutalisk x3  
  86  5:49  Drone x2  
  94  5:51  Drone  
  94  5:54  Drone  
  96  5:57  Zerg Missile Weapons Level 2  
  96  5:59  Drone  
  96  6:03  Baneling Nest  
  90  6:19  Drone x3  
  90  6:20  Drone  
  90  6:21  Extractor  
  90  6:22  Drone, Extractor  
  93  6:29  Roach x6  
  93  6:30  Overlord x3  
  105  6:42  Hatchery  
  105  6:46  Centrifical Hooks  
  104  6:50  Roach x4  
  116  6:54  Roach x2  
  116  6:58  Roach x2  
  116  7:00  Roach  
  116  7:01  Zergling x2  
  123  7:05  Zergling x2, Roach  
  123  7:06  Zergling x2  
  125  7:12  Zergling x2  
  125  7:13  Zergling x2, Roach x2  
  127  7:18  Overlord  
  127  7:19  Overlord  
  127  7:23  Zergling x2  
  127  7:24  Roach  
  130  7:32  Overlord x2  
  130  7:33  Overlord  
  130  7:37  Mutalisk  
  130  7:38  Mutalisk x2  
  130  7:43  Mutalisk x2  
  138  7:45  Mutalisk  
  138  7:47  Mutalisk  
  144  7:52  Metabolic Boost  
  144  7:54  Zergling x2  
  144  7:55  Roach  
  147  7:59  Zergling x4, Roach  
  147  8:01  Zergling x2  
  152  8:05  Baneling  
  152  8:06  Baneling x2  
  152  8:07  Baneling x4  
  152  8:11  Zergling x2, Roach  
  155  8:15  Zergling x2  
  155  8:16  Roach  
  155  8:17  Extractor  
  155  8:18  Baneling x4  
  157  8:22  Zergling x4  
  157  8:26  Overlord x2  
  160  8:35  Zergling x6, Roach x2  
  168  8:41  Zergling x6, Roach  
  168  8:47  Baneling x2  
  168  8:48  Baneling x7  
  170  8:49  Baneling  
  170  8:51  Baneling x3  
  170  8:54  Zergling x2, Roach  
  165  9:15  Zergling x2  
  165  9:16  Zergling x14, Roach x6  
  184  9:19  Zergling x2  
  184  9:20  Roach  
  147  9:40  Zergling x2  
  147  9:41  Zergling x12, Roach x6  
  147  9:42  Zergling x2  
  137  9:48  Queen  
  137  9:50  Zergling x2, Roach  
  137  9:51  Zergling x2  
  139  9:53  Ravager x4  
  139  9:54  Ravager  
  139  9:55  Ravager  
  145  10:02  Baneling  
  145  10:03  Baneling x12  
  145  10:04  Baneling  
  145  10:05  Baneling  
  145  10:11  Zergling x2, Roach  
  145  10:12  Zergling x2, Roach  
  151  10:16  Zergling x4, Roach  
  151  10:20  Zergling x2, Roach  
  158  10:25  Baneling x8  
  158  10:26  Baneling  
  158  10:32  Zergling x2  
  158  10:33  Zergling x2, Roach x2  
  158  10:35  Zergling x2  
  164  10:40  Zergling x6, Roach  
  162  10:47  Zergling x2  
  162  10:48  Zergling x2, Roach x2  
  135  10:55  Overseer x2  
  95  10:58  Mutalisk  
  95  10:59  Mutalisk x2  
  101  11:05  Mutalisk  
  101  11:09  Drone x6  
  109  11:11  Extractor  
  109  11:12  Roach  
  110  11:19  Drone x2  
  110  11:20  Drone, Extractor  
Show
View Real Time Build Order
Export as new Build Order

Namshar Zerg - Winner!

Build Orders: Hatch First, Lurkers 

Get SALT Encoding   

  12  0:02  Drone  
  13  0:13  Overlord  
  13  0:18  Drone  
  14  0:31  Drone  
  14  0:32  Drone  
  14  0:35  Drone  
  17  0:53  Hatchery  
  17  0:55  Drone  
  17  0:58  Drone  
  18  1:09  Extractor  
  17  1:14  Spawning Pool  
  17  1:17  Drone  
  17  1:20  Drone  
  18  1:29  Drone  
  19  1:39  Overlord  
  19  1:50  Drone  
  20  2:00  Queen  
  20  2:01  Zergling x2  
  23  2:04  Queen  
  23  2:05  Zergling x2  
  26  2:09  Metabolic Boost  
  26  2:12  Drone  
  28  2:15  Drone  
  28  2:24  Zergling x2  
  28  2:26  Zergling x2  
  28  2:29  Baneling Nest  
  31  2:44  Drone x3  
  32  2:52  Hatchery  
  30  3:02  Overlord  
  30  3:05  Drone x2  
  32  3:08  Drone  
  33  3:13  Drone x2  
  33  3:14  Drone  
  36  3:20  Overlord  
  36  3:23  Zergling x2  
  37  3:28  Drone x2  
  38  3:36  Zergling x2  
  38  3:37  Drone x2  
  41  3:51  Drone  
  41  3:52  Drone x6  
  41  3:54  Queen  
  50  4:02  Overlord  
  50  4:11  Evolution Chamber  
  50  4:12  Drone x2, Roach Warren  
  50  4:20  Overlord, Extractor x2  
  50  4:22  Lair  
  47  4:25  Drone  
  47  4:26  Drone x4  
  52  4:36  Drone x3  
  52  4:37  Overlord  
  55  4:39  Drone  
  55  4:40  Drone x2  
  55  4:42  Zerg Missile Weapons Level 1  
  58  4:51  Overlord  
  57  4:59  Drone  
  58  5:00  Drone x2, Extractor  
  58  5:01  Drone  
  58  5:03  Zergling x4  
  62  5:12  Roach x7  
  76  5:14  Overlord  
  76  5:19  Roach  
  78  5:26  Drone x2  
  78  5:31  Hydralisk Den, Drone  
  78  5:33  Drone x3  
  81  5:38  Drone x4  
  81  5:39  Queen  
  81  5:40  Overlord x2  
  87  5:42  Glial Reconstitution  
  87  5:44  Roach  
  87  5:46  Roach  
  87  5:48  Roach  
  93  5:50  Roach  
  93  5:53  Roach  
  93  5:55  Overlord  
  97  5:59  Overlord  
  97  6:01  Roach x2  
  101  6:06  Roach x2  
  101  6:07  Roach  
  104  6:14  Roach x4  
  108  6:18  Queen  
  108  6:20  Muscular Augments  
  108  6:25  Drone  
  111  6:27  Drone, Spore Crawler  
  111  6:30  Spore Crawler  
  111  6:31  Spore Crawler  
  109  6:35  Drone, Extractor  
  109  6:36  Drone x2, Extractor  
  109  6:39  Zerg Missile Weapons Level 2  
  110  6:44  Overlord  
  110  6:46  Drone  
  110  6:47  Drone x3  
  113  6:51  Overlord x2  
  114  7:02  Overlord  
  112  7:09  Hydralisk x5  
  112  7:10  Hydralisk  
  112  7:11  Hatchery  
  123  7:17  Drone x3  
  123  7:19  Hydralisk x2  
  130  7:28  Hydralisk x4  
  138  7:35  Drone  
  139  7:37  Lurker Den  
  139  7:40  Hydralisk x2  
  139  7:41  Hydralisk x2  
  146  7:45  Overlord x2  
  146  7:46  Overlord  
  146  8:04  Overlord x2  
  146  8:05  Overlord  
  146  8:06  Roach x8  
  146  8:07  Ravager  
  146  8:08  Ravager x2  
  146  8:10  Overseer  
  165  8:14  Drone  
  165  8:17  Roach  
  165  8:18  Roach  
  170  8:21  Overlord  
  170  8:23  Ravager x2  
  170  8:25  Spore Crawler  
  171  8:29  Roach x4  
  176  8:34  Hydralisk x2  
  178  8:42  Roach x5  
  188  8:53  Roach x6  
  188  9:07  Hydralisk x4  
  180  9:14  Hydralisk  
  180  9:15  Roach x5  
  165  9:25  Hydralisk  
  165  9:26  Roach x5  
  164  9:34  Roach  
  164  9:35  Roach x5  
  142  9:41  Hydralisk  
  142  9:42  Hydralisk  
  123  9:50  Lurker  
  124  9:55  Drone x6  
  124  9:56  Drone x3  
  124  9:58  Queen x2  
  137  10:12  Lurker  
  138  10:17  Extractor x2  
  138  10:18  Drone x3  
  138  10:19  Drone x3  
  138  10:20  Lurker  
  143  10:25  Hydralisk x2  
  147  10:36  Hydralisk, Roach  
  147  10:37  Roach x5  
  151  10:47  Hydralisk  
  151  10:48  Roach x2  
  151  10:49  Roach x5  
  150  10:57  Queen, Drone x3  
  148  11:05  Ravager, Lurker x2  
  148  11:08  Hydralisk x2  
  159  11:11  Roach x3  
  159  11:16  Overseer  
Tags
 
Add a new tag
Caveats
  • Supply blocks, unpowered buildings, or Contaminate may cause inaccurate times.
  • Supply counts are checked every 10 seconds.